 Dungeon Crawl Stone Soup version 0.18.1-1-g2f07953 (webtiles) character file.

86 HungrySpirit the Slasher (level 4, -5/35 HPs)
             Began as a Formicid Abyssal Knight on May 6, 2016.
             Was a Believer of Lugonu.
             Killed by divine providence
             ... invoked by an orc priest
              (12 damage)
             ... on level 3 of the Dungeon.
             The game lasted 00:02:54 (1826 turns).

HungrySpirit the Slasher (Formicid Abyssal Knight)  Turns: 1826, Time: 00:02:55

Health: -5/35      AC: 10    Str: 18    XL:     4   Next: 78%
Magic:  5/5        EV:  5    Int: 11    God:    Lugonu [**....]
Gold:   139        SH:  0    Dex: 10    Spells: 0 memorised, 3 levels left

rFire  . . .     SeeInvis +     b - +2 dagger (venom)
rCold  . . .     Gourm    .     k - +0 plate armour
rNeg   . . .     Faith    .     (no shield)
rPois  .         Spirit   .     (helmet unavailable)
rElec  .         Dismiss  .     (no cloak)
rCorr  .         Reflect  .     (no gloves)
SustAt .         Harm     .     (no boots)
MR     .....                    (no amulet)
Stlth  ..........               (no ring)
                                (no ring)

@: not resistant to hostile enchantments, extremely unstealthy
A: permanent stasis, dig shafts and tunnels, four strong arms, antennae 3
a: Dig, Shaft Self, Depart the Abyss, Bend Space, Renounce Religion


You were on level 3 of the Dungeon.
You worshipped Lugonu.
Lugonu was pleased with you.
You were not hungry.

You visited 1 branch of the dungeon, and saw 3 of its levels.
You visited the Abyss 1 time.

You collected 139 gold pieces.

Inventory:

Hand Weapons
 a - a +1 falchion
 b - a +2 dagger of venom (weapon)
Armour
 k - a +0 plate armour (worn)
Scrolls
 e - 2 scrolls of remove curse {unknown}
 g - a scroll of enchant armour {unknown}
 h - a scroll of fear {unknown}
 j - a scroll of immolation {unknown}
 m - a scroll of blinking {unknown}
Potions
 d - a potion of might
 i - a potion of degeneration {unknown}
 l - a potion of lignification {unknown}
 p - a potion of flight {unknown}
Comestibles
 c - 2 bread rations
 f - 3 fruits
 n - 3 chunks of flesh
 o - a royal jelly


   Skills:
 - Level 3.2 Fighting
 + Level 4.6 Long Blades
 - Level 2.1 Armour
 - Level 0.8 Dodging
 - Level 2.1 Invocations


You had 3 spell levels left.
You didn't know any spells.

Dungeon Overview and Level Annotations

Branches:
Dungeon (3/15)

Altars:
Cheibriados
Pakellas

Annotations:
D:2 1 exclusion


Innate Abilities, Weirdness & Mutations

You are under a permanent stasis effect.
You can dig through walls and to a lower floor.
Your four strong arms can wield two-handed weapons with a shield.
You have a pair of large antennae on your head (SInv).


Message History

The orc priest hits you with a mace.
You closely miss the orc priest. The orc hits you but does no damage.
The orc priest calls down the wrath of Beogh upon you.
Beogh smites you!
* * * LOW HITPOINT WARNING * * *
You hit the orc priest.
The orc priest is poisoned.
The orc priest is lightly wounded.
The orc hits you with a falchion.
* * * LOW HITPOINT WARNING * * *
The orc priest hits you but does no damage.
Unknown command.
Read which item? (? for menu, Esc to quit)
Okay, then.
Your plate armour prevents you from hitting the orc priest.
The orc priest is lightly wounded.
The orc hits you with a falchion.
* * * LOW HITPOINT WARNING * * *
The orc priest invokes the aid of Beogh against you.
Beogh smites you!
You die...

#######......##########
#...........##
.#####....## #.#####
#.....# ###.###.#
#..[..#.# {
##.....#o#.#
......_..@oo.#
##.#.....###.#
#.#.....# # ###.###
...# ###. #%


You could see an orc priest and 2 orcs.

Vanquished Creatures
  3 adders (D:2)
  2 oozes (D:1)
  2 worms
  2 dart slugs (D:1)
  4 bats
  6 hobgoblins
  3 jackals (D:3)
  2 quokkas
  2 giant newts (D:1)
  6 goblins
  5 kobolds
  6 rats
43 creatures vanquished.

Notes
Turn   | Place    | Note
--------------------------------------------------------------
     0 | Abyss:1  | HungrySpirit the Formicid Abyssal Knight began the quest for the Orb.
     0 | Abyss:1  | Reached XP level 1. HP: 18/18 MP: 2/2
     6 | D:1      | Escaped the Abyss
   150 | D:1      | Reached XP level 2. HP: 24/24 MP: 3/3
   222 | D:1      | Reached skill level 3 in Long Blades
   231 | D:1      | Reached ** piety under Lugonu
   231 | D:1      | Reached XP level 3. HP: 21/29 MP: 4/4
  1020 | D:2      | Found an oddly glowing altar of Pakellas.
  1119 | D:2      | Reached skill level 4 in Long Blades
  1119 | D:2      | Reached XP level 4. HP: 33/35 MP: 5/5
  1171 | D:2      | Found a snail-covered altar of Cheibriados.
  1815 | D:3      | Found an oddly glowing altar of Pakellas.
  1826 | D:3      | Killed from afar by an orc priest

Skill      XL: |  1  2  3 |
---------------+----------+-----
Long Blades    | 3 4 |  4.6
Fighting       | |  3.2
Armour         | |  2.1
Dodging        | |  0.8
Invocations    | |  2.1

Action                   |  1- 3 |  4- 6 || total
-------------------------+-------+-------++-------
Melee: Falchion          |    97 |    37 ||   134
       Dagger            |       |    17 ||    17
  Use: Potion            |       |     2 ||     2
 Stab: Sleeping          |     1 |       ||     1
  Eat: Chunk             |     1 |     2 ||     3
Armor: Leather armour    |     9 |       ||     9
       Plate armour      |    24 |    40 ||    64
Dodge: Dodged            |    36 |    18 ||    54
